 Dungeon Crawl Stone Soup version 0.18-a0-1561-g7b1e397 (webtiles) character file.

14 Oddball22 the Stinger (level 2, 0/17 HPs)
             Began as an Octopode Venom Mage on Mar 13, 2016.
             Slain by a kobold
             ... wielding a +0 short sword
              (7 damage)
             ... on level 1 of the Dungeon.
             The game lasted 00:01:19 (447 turns).

Oddball22 the Stinger (Octopode Venom Mage)          Turns: 447, Time: 00:01:19

Health: 0/17       AC:  1    Str:  7    XL:     2   Next: 41%
Magic:  5/5        EV: 12    Int: 17    God:
Gold:   19         SH:  0    Dex: 12    Spells: 1 memorised, 4 levels left

rFire  . . .     SeeInvis .     (no weapon)
rCold  . . .     Gourm    .     (no shield)
rNeg   . . .     Faith    .     (helmet restricted)
rPois  .         Spirit   .     (no amulet)
rElec  .         Dismiss  .     (no ring)
rCorr  .         Reflect  .     (no ring)
SustAt .         Harm     .     (no ring)
MR     .....                    (no ring)
Stlth  +++.......               (no ring)
                                (no ring)
                                (no ring)
                                (no ring)

@: not resistant to hostile enchantments, fairly stealthy
A: almost no armour, amphibious, 8 rings, constrict 8, camouflage 1, gelatinous
body 1
a: no special abilities


You were on level 1 of the Dungeon.
You were not hungry.

You visited 1 branch of the dungeon, and saw 1 of its levels.

You collected 19 gold pieces.

Inventory:

Scrolls
 d - 3 scrolls of random uselessness {unknown}
 e - a scroll of enchant weapon {unknown}
 g - a scroll of blinking {unknown}
 h - a scroll of identify {unknown}
Potions
 f - a potion of agility {unknown}
 i - a potion of haste {unknown}
 j - a potion of beneficial mutation {unknown}
Books
 a - a Young Poisoner's Handbook

   Spells                             Type                      Level
   a - Sting                          Conjuration/Poison           1
   b - Cure Poison                    Poison                       2
   c - Mephitic Cloud                 Conjuration/Poison/Air       3
   d - Olgreb's Toxic Radiance        Poison                       4
   e - Venom Bolt                     Conjuration/Poison           5
Comestibles
 b - a bread ration
 c - 4 chunks of flesh


   Skills:
 - Level 2.0 Dodging
 - Level 2.6 Stealth
 * Level 2.3 Spellcasting
 + Level 1.0 Conjurations
 + Level 5.0 Poison Magic


You had 4 spell levels left.
You knew the following spells:

 Your Spells              Type           Power        Failure   Level  Hunger
a - Sting                 Conj/Pois      ##..         6%          1    #......


Dungeon Overview and Level Annotations

Branches:
Dungeon (1/15)

Altars:


Innate Abilities, Weirdness & Mutations

You cannot wear most types of armour.
You are amphibious.
You can wear up to eight rings at the same time.
You can use your tentacles to constrict eight enemies at once.
Your skin changes colour to match your surroundings (Stealth).
Your rubbery body absorbs attacks (AC +1).


Message History

You see here a giant newt corpse.
You butcher the giant newt corpse.
c - 4 chunks of flesh (gained 1)
Found 15 poisoned arrows.
No target in view!
A kobold comes into view. It is wielding a short sword.
Found a fizzy yellow potion.
No target in view!
The kobold shouts!
The kobold throws a stone.
The stone hits you.
You see here a stone.
The kobold throws a stone.
The stone hits you. The kobold hits you but does no damage.
You tentacle-slap the kobold but do no damage.
You grab the kobold. You constrict the kobold.
The kobold hits you with a short sword.
You tentacle-slap the kobold but do no damage.
The kobold is moderately wounded.
You constrict the kobold. The kobold hits you with a short sword!
You die...

######### #(......####
### ######..........# ##
#..
......!@.(.#.##...... ..
#.#
######K....#.##########.
#.# #.....#............
## #.#
###.##############.
.####.## #.# #.
.#(....###### #.# #.
...รท......... ..# #.
(#.....###### ### #.
#####.## .#.


You could see a kobold.

Vanquished Creatures
  A dart slug (D:1)
  2 bats (D:1)
  A goblin (D:1)
  A hobgoblin (D:1)
  A giant newt (D:1)
  3 kobolds (D:1)
  3 rats (D:1)
12 creatures vanquished.

Notes
Turn   | Place    | Note
--------------------------------------------------------------
     0 | D:1      | Oddball22 the Octopode Venom Mage began the quest for the Orb.
     0 | D:1      | Reached XP level 1. HP: 11/11 MP: 3/3
     3 | D:1      | Noticed an electric eel
     3 | D:1      | Noticed an electric eel
   269 | D:1      | Reached skill level 5 in Poison Magic
   269 | D:1      | Reached XP level 2. HP: 17/17 MP: 5/5
   332 | D:1      | Reached skill level 1 in Conjurations
   447 | D:1      | Slain by a kobold

Vault maps used:
D:1:      arrival_aquarium_b

Skill      XL: |  1  2 |
---------------+-------+-----
Poison Magic   | 5 |  5.0
Conjurations   | 1 |  1.0
Dodging        | |  2.0
Stealth        | |  2.6
Spellcasting   | |  2.3

Action                   || total
-------------------------++-------
Melee: Unarmed           ||    30
 Cast: Sting             ||     5
 Stab: Sleeping          ||     1
